 Dungeon Crawl Stone Soup version 0.32-a0-913-g739538afd8 (webtiles) character file.

Game seed: 5458783671291931480

11 redmage the Trooper (level 2, 0/24 HPs)
             Began as a Merfolk Fighter on Apr 7, 2024.
             Slain by a goblin
             ... wielding a +0 dagger
              (3 damage)
             ... on level 3 of the Dungeon.
             The game lasted 00:02:35 (894 turns).

redmage the Trooper (Merfolk Fighter)                Turns: 894, Time: 00:02:36

Health: 0/24       AC:  6    Str: 22    XL:     2   Next: 25%
Magic:  2/2        EV:  8    Int:  7    God:
Gold:   52         SH:  4    Dex: 13    Spells: 1/1 levels left

rFire   . . .        a - +0 trident
rCold   . . .        c - +0 buckler
rNeg    . . .        b - +0 scale mail
rPois   .            (no helmet)
rElec   .            (no cloak)
rCorr   .            (no gloves)
SInv    .            (no boots)
Will    .....        (no amulet) Stlth
                     f - +6 ring of strength
HPRegen 0.24/turn    (no ring)
MPRegen 0.08/turn

%: no passive effects
@: no status effects
A: (nimble swimmer 2), mertail
a: no special abilities


You were on level 3 of the Dungeon.
You visited 1 branch of the dungeon, and saw 4 of its levels.

You collected 52 gold pieces.

Inventory:

Hand Weapons
 a - a +0 trident (weapon)
 e - a +2 dagger of venom
Armour
 b - a +0 scale mail (worn)
 c - a +0 buckler (worn)
Jewellery
 f - a +6 ring of strength (left hand)
Talismans
 g - a maw talisman
Scrolls
 i - a scroll of enchant armour {unknown}
Potions
 d - a potion of might
 h - a potion of brilliance {unknown}
 j - a potion of heal wounds {unknown}
 k - 3 potions of curing {unknown}


   Skills:
 + Level 3.4 Fighting
 * Level 3.3 Polearms
 + Level 2.3 Armour
 - Level 3.0 Shields


You had one spell level left.
You didn't know any spells.
Your spell library contained the following spells:

 Spells                   Type           Power      Damage    Failure   Level
 Teleport Other           Tloc           0%         N/A       99%         3
 Dispersal                Tloc           0%         N/A       100%        6
 Gell's Gavotte           Tloc           0%         2d(11-16) 100%        6


Dungeon Overview and Level Annotations

Branches:
Dungeon (4/15)
 Temple: D:4-7

Altars:

Shops:
D:1 *


Innate Abilities, Weirdness & Mutations

((You are very nimble when in or above water. (Stealth+, EV+, Speed+++)))
Your lower body shifts to a powerful aquatic tail in water.


Message History

The goblin hits you with a +0 dagger. The adder barely misses you.
The goblin barely misses you.
You are too injured to fight recklessly!
You are too injured to fight recklessly!
You are too injured to fight recklessly!
You are too injured to fight recklessly!
You closely miss the adder.
The adder is lightly wounded.
You feel sick.
You are no longer poisoned.
The adder bites you but does no damage. The goblin barely misses you.
You hit the adder but do no damage.
The adder is lightly wounded.
An ufetubus comes into view.
The adder barely misses you. The goblin hits you but does no damage.
You block the adder's attack.
You barely miss the adder.
The adder is lightly wounded.
The ufetubus shouts!
The adder bites you.
You are poisoned.
The adder poisons you! The goblin closely misses you.
You miss the adder.
The adder is lightly wounded.
You feel sick. You block the adder's attack. You block the goblin's attack.
The adder misses you.
You barely miss the adder.
The adder is lightly wounded.
You feel sick. The goblin barely misses you. The adder bites you.
* * * LOW HITPOINT WARNING * * *
An ufetubus comes into view.
The ufetubus shouts!
You hit the adder.
The adder is moderately wounded.
You feel sick.
You are no longer poisoned.
You block the adder's attack.
The ufetubus hits you but does no damage.
The ufetubus barely misses you. The goblin hits you with a +0 dagger.
You die...

#. #. ######. #5 #......
#. #...... ######.####
#...... ..........#
#...... ..........#
#......
......g5..########......
..)...S@................
########............####
#............#
#........†...#
#............#
#............#
#............#
#............#
#............#


You could see an adder, 2 ufetubi and a goblin.

Vanquished Creatures
  2 endoplasms (D:1)
  3 hobgoblins
  A bat (D:1)
  A goblin (D:1)
  2 kobolds (D:1)
  2 rats (D:1)
11 creatures vanquished.

Notes
Turn   | Place    | Note
-------+----------+-------------------------------------------
     0 | D:1      | redmage the Merfolk Fighter began the quest for the Orb.
     0 | D:1      | Reached XP level 1. HP: 18/18 MP: 1/1
    65 | D:1      | Found Zoubiur's General Store.
   594 | D:1      | Reached XP level 2. HP: 19/24 MP: 2/2
   849 | D:2      | You fall into a shaft and drop 2 floors!
   894 | D:3      | Slain by a goblin

Illustrated notes

Levels and vault maps discovered:
D:1:      minmay_arrival_four_circles, layout_loops_corners, serial_shops,
          nicolae_shop_just_a_little_nook
D:2:      layout_basic, hellmonk_ecumenical_altar_crossroads,
          chequers_serial_rivers_small_b, nrook_uturn, nicolae_hexahallways
D:3:      minmay_angry_zag, layout_basic
D:4:      layout_basic, gammafunk_ghost_split, minmay_quantized

Skill      XL: |  1 |
---------------+----+-----
Polearms       | 3 |  3.3
Fighting       | |  3.4
Armour         | |  2.3
Shields        | |  3.0

Action                     || total
---------------------------++-------
  Melee: Trident           ||    44
 Armour: Scale mail        ||    27
  Dodge: Dodged            ||    23
  Block: Buckler           ||    11

Table legend: (Time is in decaauts)
 A = Elapsed time spent in this place.
 B = Non-inter-level travel time spent in this place.
 C = Inter-level travel time spent in this place.
 D = Time resting spent in this place.
 E = Time spent auto-exploring this place.
 F = Levels seen in this place.
 G = Mean time per level.
                   A        B        C        D        E       F      G
               +--------+--------+--------+--------+--------+-----+--------+
         Total |    900 |    890 |     10 |      0 |    785 |   4 |  225.0 |
       Dungeon |    900 |    890 |     10 |      0 |    785 |   4 |  225.0 |
               +--------+--------+--------+--------+--------+-----+--------+

Top non-repeatable levels by time:
     D:1: 837 daAuts
     D:3: 44 daAuts
     D:2: 14 daAuts
     D:4: 2 daAuts
